 Dungeon Crawl Stone Soup version 0.23.2-40-g277498a001 (webtiles) character file.

Game seed: 10052035002569695800

1738 zeroring the Gouger (level 8, -11/42 HPs)
             Began as a Felid Transmuter on Oct 8, 2019.
             Was a Follower of Dithmenos.
             Killed from afar by a fire dragon (49 damage)
             ... with a blast of flame
             ... on level 9 of the Dungeon.
             The game lasted 01:29:58 (16360 turns).

zeroring the Gouger (Felid Transmuter)             Turns: 16360, Time: 01:29:59

Health: -11/42     AC:  2    Str:  7    XL:     8   Next: 77%
Magic:  14/14      EV: 18    Int: 16    God:    Dithmenos [*.....]
Gold:   360        SH:  0    Dex: 18    Spells: 0/13 levels left
                                        Lives:  0   Deaths: 3

rFire    . . .     SeeInvis +     - Unarmed
rCold    . . .     Gourm    .   (shield unavailable)
rNeg     . . .     Faith    .   (armour unavailable)
rPois    .         Spirit   .   (helmet unavailable)
rElec    .         Reflect  .   (cloak unavailable)
rCorr    .         Harm     .   (gloves unavailable)
MR       +....                  (boots unavailable)
Stlth    ++........             (no amulet)
HPRegen  0.14/turn              v - ring of wizardry
MPRegen  0.14/turn              p - +6 ring of slaying

@: wreathed by umbra, quick
A: very small, no armour, no weapons or thrown items, stealth, claws 1, fangs 3,
see invisible, carnivore, speed 1, shaggy fur 2, slow metabolism 1, sharp paws
a: Renounce Religion


You were on level 9 of the Dungeon.
You worshipped Dithmenos.
Dithmenos was aware of your devotion.
You were completely stuffed.

You visited 2 branches of the dungeon, and saw 11 of its levels.

You collected 360 gold pieces.

Inventory:

Missiles
 a - 147 arrows
Jewellery
 j - a +3 ring of evasion
 p - a +6 ring of slaying (right paw)
 v - a ring of wizardry (left paw)
 y - an uncursed ring of magical power {unknown}
Wands
 i - a wand of scattershot (5)
 s - a wand of enslavement (10)
 u - a wand of random effects (39)
Scrolls
 e - 2 scrolls of noise
 g - 2 scrolls of remove curse
 h - 4 scrolls of amnesia
 k - 2 scrolls of enchant weapon
 m - a scroll of vulnerability {unknown}
 n - a scroll of random uselessness {unknown}
 o - a scroll of fog
 r - a scroll of immolation
 w - a scroll of enchant armour
 A - a scroll of summoning {unknown}
 D - a scroll of identify
Potions
 b - a potion of haste
 d - 2 potions of magic {unknown}
 f - 2 potions of berserk rage
 q - 2 potions of resistance
 t - a potion of ambrosia {unknown}
 x - a potion of flight {unknown}
 z - a potion of might {unknown}
 B - a potion of lignification {unknown}
 C - a potion of curing
Miscellaneous
 E - a phial of floods
Comestibles
 c - 12 rations


   Skills:
 * Level 9.5 Fighting
 - Level 2.6 Dodging
 * Level 10.0 Unarmed Combat
 - Level 3.4 Spellcasting
 + Level 4.9 Hexes
 - Level 5.0 Transmutations
 - Level 2.0 Ice Magic
 - Level 2.0 Poison Magic
 + Level 2.2 Invocations
 + Level 2.4 Evocations


You couldn't memorise any spells.
You knew the following spells:

 Your Spells              Type           Power        Failure   Level  Hunger
a - Beastly Appendage     Tmut           ###...       1%          1    None
b - Sticks to Snakes      Tmut           ###.....     1%          2    ##.....
c - Spider Form           Tmut/Pois      ##........   5%          3    ###....
d - Confuse               Hex            ###.....     2%          3    ###....
e - Ice Form              Ice/Tmut       ##......     16%         4    ####...

Your spell library contained the following spells:

 Spells                   Type           Power        Failure   Level  Hunger
 Confusing Touch          Hex            ###...       1%          1    None
 Gell's Gravitas          Tloc           #.........   21%         3    ###....
 Blade Hands              Tmut           ###.......   24%         5    ######.
 Petrify                  Tmut/Erth      ##......     26%         4    ####...
 Yara's Violent Unravell  Hex/Tmut       ###.......   26%         5    ######.
 Metabolic Englaciation   Hex/Ice        ##........   43%         5    ######.


Dungeon Overview and Level Annotations

Branches:
Dungeon (10/15)            Temple (1/1) D:7            Lair (0/6) D:9
    Orc: D:9-12

Altars:
Ashenzari
Cheibriados
Dithmenos
Elyvilon
Fedhas
Gozag
Hepliaklqana
Kikubaaqudgha
Makhleb
Nemelex Xobeh
Okawaru
Qazlal
Ru
Sif Muna
Trog
Uskayaw
Vehumet
Wu Jian
Xom
Yredelemnul
Zin
The Shining One

Shops:
D:5 %   D:10 %

Annotations:
D:5 3 runed translucent doors, Quickbrownfox's ghost, amateur DsWz


Innate Abilities, Weirdness & Mutations

You cannot wear armour.
You are incapable of wielding weapons or throwing items.
Your paws allow you to move quietly. (Stealth)
You have sharp claws.
You have razor-sharp teeth.
You have supernaturally acute eyesight. (SInv)
You are carnivorous and can eat meat at any time.
You cover ground quickly.
You are covered in thick fur. (AC +2)
You have a slow metabolism.
Your sharp claws are effective at attacking unaware monsters.


Message History

Things that are here:
a +1 dagger of venom; a +0 robe; an orc skeleton There isn't anything to butcher here.
There isn't anything to butcher here.
Eat one of 2 chunks of flesh? (ye/n/q)
You eat one of the 2 chunks of flesh.
This raw flesh tastes great.
Eat a chunk of flesh? (ye/n/q)
You eat the chunk of flesh.
This raw flesh tastes great.
There is a stone staircase leading down here.
You start resting.
HP restored.
You start waiting.
Done waiting.
You climb downwards.
The orc closely misses you.
There is a stone staircase leading up, spattered with blood here.
The orc hits you. The fire dragon breathes flames at you.
The blast of flame hits you!!!
Ouch! That really hurt!
You die...

..<........#######.......#.......
.........................#.......
..........#####..........#.......
####......#...#....###...#.......
...#......#...#.^..#.#...#.......
...####...#...#....#.#...#+#####'
......D...#...######.#...........
.....##...#......o...#....)#####.
.....#....#...D.@....#.....#...#.
.....#....#..........#.....#...'.
.....#....'..........#.....#...#.
.....#....#..........#.....#...#.
..#'##....#..........#.....#...#.
..#.......#......#####.....#...#.
..#.......########.).......#...#.
#........................#...#.
###.###########............##'##.


You could see a fire dragon and an orc.

Vanquished Creatures
  A two-headed ogre (D:10)
  A centaur zombie (D:8)
  3 hippogriffs
  A wraith (D:10)
  A hungry ghost (D:6)
  2 water moccasins (D:8)
  A sky beast (D:9)
  An ice beast (D:9)
  A black bear (D:9)
  2 orc warriors
  3 ogres
  A phantom (D:6)
  3 centaurs
  6 bullfrogs
  A wyvern skeleton (D:6)
  3 scorpions
  7 killer bees
  11 wights
  2 howler monkeys
  5 crimson imps
  4 hounds
  A jelly (D:7)
  3 orc wizards
  A bullfrog skeleton (D:7)
  2 gnoll shamans
  A centaur skeleton (D:7)
  3 iguanas (D:6)
  7 worker ants
  A hound zombie (D:5)
  A worker ant zombie (D:5)
  A howler monkey zombie (D:6)
  6 adders
  11 gnolls
  2 shadow imps
  An ooze (D:5)
  A worm (D:2)
  2 dart slugs
  7 leopard geckos
  12 orcs
  4 bats
  6 giant cockroaches
  16 goblins
  6 hobgoblins
  8 jackals
  A quokka (D:6)
  3 ball pythons
  5 frilled lizards
  4 kobolds
  5 rats
181 creatures vanquished.

Vanquished Creatures (collateral kills)
  A wyvern (D:6)
  A quasit (D:9)
  A worker ant (D:8)
  An adder (D:2)
  A bat (D:3)
5 creatures vanquished.

Vanquished Creatures (others)
  An orc (D:10)
1 creature vanquished.

Grand Total: 187 creatures vanquished

Notes
Turn   | Place    | Note
-------+----------+-------------------------------------------
     0 | D:1      | zeroring the Felid Transmuter began the quest for the Orb.
     0 | D:1      | Reached XP level 1. HP: 9/9 MP: 4/4
    99 | D:1      | Reached XP level 2. HP: 3/12 MP: 4/6
  1200 | D:2      | Reached XP level 3. HP: 14/16 MP: 7/7
  1410 | D:2      | Learned a level 2 spell: Sticks to Snakes
  2166 | D:2      | Reached skill level 4 in Unarmed Combat
  2203 | D:2      | Found a sparkling altar of Nemelex Xobeh.
  2571 | D:2      | Reached XP level 4. HP: 20/20 MP: 6/8
  2577 | D:2      | Learned a level 3 spell: Spider Form
  3494 | D:4      | HP: 1/21 [poisoned by a scorpion]
  3495 | D:4      | Succumbed to a scorpion's poison
  3496 | D:4      | Reached XP level 3. HP: 0/17 MP: 7/7
  3507 | D:4      | Killed a scorpion
  3507 | D:4      | Reached XP level 4. HP: 21/21 MP: 4/8
  3619 | D:4      | Found an ancient bone altar of Kikubaaqudgha.
  3619 | D:4      | Found a glowing silver altar of Zin.
  3724 | D:4      | Reached XP level 5. HP: 15/25 MP: 5/9
  4135 | D:4      | Reached skill level 5 in Unarmed Combat
  4897 | D:5      | Entered Level 5 of the Dungeon
  4906 | D:5      | Gained mutation: You are covered in thick fur. (AC +2)
                  | [Felid growth]
  4906 | D:5      | Reached XP level 6. HP: 28/28 MP: 9/11
  4965 | D:5      | Found Ittaficw's Food Emporium.
  5753 | D:5      | Found a runed translucent gate.
  5753 | D:5      | Found a runed translucent gate.
  5753 | D:5      | Found a runed translucent gate.
  5754 | D:5      | Noticed Quickbrownfox's ghost (amateur DsWz)
  6295 | D:5      | Reached XP level 7. HP: 31/33 MP: 10/12
  6583 | D:6      | Reached skill level 5 in Fighting
  6810 | D:6      | Reached skill level 6 in Unarmed Combat
  7418 | D:6      | Found a radiant altar of Vehumet.
  7420 | D:6      | Found a shimmering altar of Xom.
  7684 | D:6      | Noticed a wyvern
  7861 | D:6      | Found a sacrificial altar of Ru.
  7868 | D:6      | Reached XP level 8. HP: 33/38 MP: 12/14
  7988 | D:6      | Reached skill level 7 in Unarmed Combat
  9542 | D:6      | Reached skill level 8 in Unarmed Combat
 10046 | D:7      | Reached XP level 9. HP: 22/43 MP: 15/15
 10244 | D:7      | Found a staircase to the Ecumenical Temple.
 10879 | D:7      | Reached skill level 5 in Transmutations
 10980 | Temple   | Entered the Ecumenical Temple
 11323 | Temple   | altar
 11529 | Temple   | Became a worshipper of Dithmenos the Shadowed
 11577 | D:7      | Learned a level 3 spell: Confuse
 11582 | D:7      | Learned a level 4 spell: Ice Form
 11911 | D:7      | Reached skill level 1 in Hexes
 12150 | D:8      | Reached skill level 1 in Ice Magic
 12150 | D:8      | Reached skill level 1 in Poison Magic
 12350 | D:8      | Reached skill level 9 in Unarmed Combat
 12816 | D:5      | Found Ittaficw's Food Emporium.
 12865 | D:5      | Found a runed translucent gate.
 12865 | D:5      | Found a runed translucent gate.
 12865 | D:5      | Found a runed translucent gate.
 14309 | D:9      | Reached XP level 10. HP: 25/49 MP: 16/16
 14589 | D:9      | Reached skill level 1 in Evocations
 14595 | D:9      | Reached skill level 1 in Invocations
 14599 | D:9      | Noticed a fire dragon
 14753 | D:9      | Found a staircase to the Lair.
 14854 | D:9      | Reached * piety under Dithmenos
 15133 | D:9      | Noticed a death knight
 15133 | D:9      | Noticed a skeletal warrior
 15276 | D:9      | Killed from afar by a fire dragon
 15277 | D:9      | Reached XP level 9. HP: -2/45 MP: 15/15
 15354 | D:10     | Entered Level 10 of the Dungeon
 15391 | D:10     | Noticed a two-headed ogre
 15596 | D:10     | Killed a two-headed ogre
 15950 | D:10     | Found Qacuram's Food Boutique.
 15962 | D:10     | Reached skill level 10 in Unarmed Combat
 15982 | D:10     | Slain by a yak
 15983 | D:10     | Reached XP level 8. HP: 0/42 MP: 14/14
 16004 | D:10     | Noticed a merfolk
 16360 | D:9      | Killed from afar by a fire dragon

Skill      XL: |  1  2  3  4  5  6  7  8  9 10 |
---------------+-------------------------------+-----
Fighting       | 2 3 4 6 7 8 9 |  9.5
Unarmed Combat | 4 5 6 8 10 | 10.0
Spellcasting   | 3 |  3.4
Transmutations | 3 4 5 |  5.0
Hexes          | 3 4 |  4.9
Ice Magic      | 2 |  2.0
Poison Magic   | 2 |  2.0
Evocations     | 2 1 |  2.4
Invocations    | 2 1 |  2.2
Dodging        | |  2.6

Action                   |  1- 3 |  4- 6 |  7- 9 | 10-12 || total
-------------------------+-------+-------+-------+-------++-------
Melee: Unarmed           |    97 |   119 |   275 |    27 ||   518
       Headbutt          |    12 |    12 |    34 |       ||    58
       Bite              |     2 |     8 |    22 |     2 ||    34
       Punch             |       |     1 |     8 |     1 ||    10
 Cast: Beastly Appendage |    27 |    20 |    52 |     2 ||   101
       Sticks to Snakes  |     5 |     5 |    18 |     7 ||    35
       Spider Form       |     1 |     4 |     6 |     1 ||    12
       Confuse           |       |       |     1 |     1 ||     2
       Ice Form          |       |       |     1 |     1 ||     2
 Abil: End Transformatio |       |     2 |     1 |       ||     3
  Use: Scroll            |     1 |     5 |     8 |       ||    14
       Potion            |       |     6 |     1 |       ||     7
 Stab: Sleeping          |     2 |     2 |     2 |       ||     6
  Eat: Chunk             |    11 |    14 |    29 |     4 ||    58
       Ration            |       |       |     2 |       ||     2
Armor: Skin              |     5 |     4 |     8 |     1 ||    18
Dodge: Dodged            |    70 |    86 |   275 |    17 ||   448
